| TOP OF THE 1ST |
|
Colorado Avalanche batting - Pitching for Americus Braves : LHP Jose Reyes
|
|
Pitching: LHP Jose Reyes
|
|
|
Batting: SHB Taylor Shelton
|
0-0: Ball 1-0: Called Strike 1-1: Ball 2-1: Swinging Strike 2-2: Strikes out swinging
|
|
Batting: RHB Joe Shade
|
0-0: Called Strike 0-1: Foul Ball, location: 2F 0-2: Foul Ball, location: 2F 0-2: Ball 1-2: Ball 2-2: Ball 3-2: Strikes out swinging
|
|
Batting: RHB Brent Montagano
|
0-0: Foul Ball, location: 2F 0-1: Ball 1-1: Swinging Strike 1-2: Ball 2-2: Strikes out swinging
|
| Top of the 1st over - 0 runs, 0 hits, 0 errors, 0 left on base; Colorado 0 - Americus 0 |
| BOTTOM OF THE 1ST |
|
Americus Braves batting - Pitching for Colorado Avalanche : RHP Ted Hoffman
|
|
Pitching: RHP Ted Hoffman
|
|
|
Batting: RHB Mennad Maalik
|
0-0: Ball 1-0: Foul Ball, location: 2F 1-1: Foul Ball, location: 2F 1-2: Foul Ball, location: 2F 1-2: Foul Ball, location: 2F 1-2: Strikes out swinging
|
|
Batting: SHB Vladimir Guerrero III
|
0-0: Ball 1-0: Foul Ball, location: 2F 1-1: Swinging Strike 1-2: Ground out 6-3 (Groundball, 4S, EV 79.4 MPH)
|
|
Batting: RHB Scott Hansen
|
0-0: Ball 1-0: SINGLE (Groundball, 6D, EV 93.8 MPH)
|
|
Batting: RHB Wilson Salgado
|
0-0: Ball 1-0: Foul Ball, location: 2F 1-1: Fly out, F9 (Flyball, 9, EV 91.2 MPH)
|
| Bottom of the 1st over - 0 runs, 1 hit, 0 errors, 1 left on base; Colorado 0 - Americus 0 |
| TOP OF THE 2ND |
|
Colorado Avalanche batting - Pitching for Americus Braves : LHP Jose Reyes
|
|
Batting: RHB Edwin Bejarano
|
0-0: Called Strike 0-1: Ball 1-1: Called Strike 1-2: Foul Ball, location: 2F 1-2: Foul Ball, location: 2F 1-2: Fly out, F7 (Flyball, 7S, EV 82.5 MPH)
|
|
Batting: LHB Tyler Twiss
|
0-0: Ball 1-0: Foul Ball, location: 2F 1-1: Foul Ball, location: 2F 1-2: Ball 2-2: Ball 3-2: Strikes out swinging
|
|
Batting: RHB Ben Connelly
|
0-0: SINGLE (Line Drive, 7S, EV 99.4 MPH)
|
|
Batting: LHB Bob Kaufmann
|
0-0: Ball 1-0: Ball 2-0: Ball 3-0: Base on Balls Ben Connelly to second
|
|
Batting: RHB Ken Dunphy
|
0-0: Ball 1-0: Fly out, F7 (Flyball, 7LM, EV 87.5 MPH)
|
| Top of the 2nd over - 0 runs, 1 hit, 0 errors, 2 left on base; Colorado 0 - Americus 0 |
| BOTTOM OF THE 2ND |
|
Americus Braves batting - Pitching for Colorado Avalanche : RHP Ted Hoffman
|
|
Batting: SHB Chris Morrison
|
0-0: Called Strike 0-1: Called Strike 0-2: Foul Ball, location: 2F 0-2: Ball 1-2: Strikes out swinging
|
|
Batting: RHB Josh Maxwell
|
0-0: Swinging Strike 0-1: Ball 1-1: Ball 2-1: Foul Ball, location: 2F 2-2: Fly out, F9 (Flyball, 89M, EV 96.9 MPH)
|
|
Batting: RHB Chris Foss
|
0-0: Foul Ball, location: 2F 0-1: Swinging Strike 0-2: Ball 1-2: Ball 2-2: Foul Ball, location: 2F 2-2: SINGLE (Groundball, 34D, EV 98.1 MPH)
|
|
Batting: RHB Jose Florez
|
0-0: Ball 1-0: 2-RUN HOME RUN (Flyball, 9D, EV 97.5 MPH), Distance : 371 ft
|
|
Batting: RHB Aaron Sartini
|
0-0: Called Strike 0-1: Fly out, F8 (Flyball, 8LD, EV 108.1 MPH)
|
| Bottom of the 2nd over - 2 runs, 2 hits, 0 errors, 0 left on base; Colorado 0 - Americus 2 |
| TOP OF THE 3RD |
|
Colorado Avalanche batting - Pitching for Americus Braves : LHP Jose Reyes
|
|
Batting: LHB Dan Goldberg
|
0-0: Fly out, F6 (Popup, 6M, EV 63.1 MPH)
|
|
Batting: SHB Taylor Shelton
|
0-0: Ball 1-0: Foul Ball, location: 2F 1-1: Ball 2-1: Ball 3-1: Called Strike 3-2: Foul Ball, location: 2F 3-2: SINGLE (Groundball, 56S, EV 73.8 MPH) (infield hit)
|
|
Batting: RHB Joe Shade
|
0-0: Ball 1-0: Foul Ball, location: 2F 1-1: Foul Ball, location: 2F 1-2: Ball 2-2: Fly out, F8 (Flyball, 8LXD, EV 92.5 MPH)
|
|
Batting: RHB Brent Montagano
|
0-0: Ball Taylor Shelton steals 2nd base 1-0: Ball 2-0: Ball 3-0: Base on Balls
|
|
Batting: RHB Edwin Bejarano
|
0-0: Foul Ball, location: 2F 0-1: Ball 1-1: Foul Ball, location: 2F 1-2: Strikes out swinging
|
| Top of the 3rd over - 0 runs, 1 hit, 0 errors, 2 left on base; Colorado 0 - Americus 2 |
| BOTTOM OF THE 3RD |
|
Americus Braves batting - Pitching for Colorado Avalanche : RHP Ted Hoffman
|
|
Batting: RHB Mennad Maalik
|
0-0: Foul Ball, location: 2F 0-1: Called Strike 0-2: Fly out, F4 (Popup, 4D, EV 68.1 MPH)
|
|
Batting: SHB Vladimir Guerrero III
|
0-0: Called Strike 0-1: Ball 1-1: Fly out, F8 (Flyball, 8LD, EV 95.6 MPH)
|
|
Batting: RHB Scott Hansen
|
0-0: Ground out 6-3 (Groundball, 6M, EV 80.6 MPH)
|
| Bottom of the 3rd over - 0 runs, 0 hits, 0 errors, 0 left on base; Colorado 0 - Americus 2 |
| TOP OF THE 4TH |
|
Colorado Avalanche batting - Pitching for Americus Braves : LHP Jose Reyes
|
|
Batting: LHB Tyler Twiss
|
0-0: Swinging Strike 0-1: Called Strike 0-2: Foul Ball, location: 2F 0-2: Ball 1-2: Strikes out swinging
|
|
Batting: RHB Ben Connelly
|
0-0: SINGLE (Groundball, 56D, EV 98.1 MPH)
|
|
Batting: LHB Bob Kaufmann
|
0-0: Foul Ball, location: 2F 0-1: Ball 1-1: Foul Ball, location: 2F 1-2: Ball 2-2: Ball 3-2: Foul Ball, location: 2F 3-2: Strikes out swinging
|
|
Batting: RHB Ken Dunphy
|
0-0: Ball 1-0: Ball 2-0: Foul Ball, location: 2F 2-1: Swinging Strike 2-2: Strikes out swinging
|
| Top of the 4th over - 0 runs, 1 hit, 0 errors, 1 left on base; Colorado 0 - Americus 2 |
| BOTTOM OF THE 4TH |
|
Americus Braves batting - Pitching for Colorado Avalanche : RHP Ted Hoffman
|
|
Batting: RHB Wilson Salgado
|
0-0: Ball 1-0: Called Strike 1-1: Fly out, F9 (Flyball, 9D, EV 98.1 MPH)
|
|
Batting: SHB Chris Morrison
|
0-0: Ball 1-0: Ball 2-0: Ball 3-0: Base on Balls
|
|
Batting: RHB Josh Maxwell
|
0-0: Called Strike 0-1: Called Strike Chris Morrison steals 2nd base 0-2: Ball 1-2: Ball 2-2: Ball 3-2: 2-RUN HOME RUN (Flyball, 78XD, EV 103.1 MPH), Distance : 427 ft
|
|
Batting: RHB Chris Foss
|
0-0: Ball 1-0: Swinging Strike 1-1: Ball 2-1: Foul Ball, location: 2F 2-2: Strikes out looking
|
|
Batting: RHB Jose Florez
|
0-0: Ball 1-0: Ball 2-0: Called Strike 2-1: Ball 3-1: Foul Ball, location: 2F 3-2: Base on Balls
|
|
Batting: RHB Aaron Sartini
|
0-0: Called Strike 0-1: Ball 1-1: Foul Ball, location: 2F 1-2: Ball Jose Florez steals 2nd base 2-2: Ball 3-2: Foul Ball, location: 2F 3-2: Foul Ball, location: 2F 3-2: Fly out, F4 (Popup, 3S, EV 67.5 MPH)
|
| Bottom of the 4th over - 2 runs, 1 hit, 0 errors, 1 left on base; Colorado 0 - Americus 4 |
| TOP OF THE 5TH |
|
Colorado Avalanche batting - Pitching for Americus Braves : LHP Jose Reyes
|
|
Batting: LHB Dan Goldberg
|
0-0: Swinging Strike 0-1: Swinging Strike 0-2: Foul Ball, location: 2F 0-2: Ball 1-2: Ball 2-2: Strikes out swinging
|
|
Batting: SHB Taylor Shelton
|
0-0: Ball 1-0: Foul Ball, location: 2F 1-1: Foul Ball, location: 2F 1-2: Ball 2-2: Ball 3-2: Hit by Pitch
|
|
Batting: RHB Joe Shade
|
0-0: Called Strike 0-1: Ball 1-1: SINGLE (Line Drive, 9S, EV 91.9 MPH) Taylor Shelton to second Runner from 2nd tries for 3rd, SAFE, throw by RF made to third
|
|
Batting: RHB Brent Montagano
|
0-0: Called Strike 0-1: Foul Ball, location: 2F 0-2: Grounds into double play, 5-4-3 (Groundball, 56S, EV 87.5 MPH)
|
| Top of the 5th over - 0 runs, 1 hit, 0 errors, 1 left on base; Colorado 0 - Americus 4 |
| BOTTOM OF THE 5TH |
|
Americus Braves batting - Pitching for Colorado Avalanche : RHP Ted Hoffman
|
|
Batting: RHB Mennad Maalik
|
0-0: Foul Ball, location: 2F 0-1: Called Strike 0-2: Ball 1-2: Ball 2-2: Foul Ball, location: 2F 2-2: Ball 3-2: Foul Ball, location: 2F 3-2: Base on Balls
|
|
Batting: SHB Vladimir Guerrero III
|
0-0: Ball 1-0: SINGLE (Line Drive, 78S, EV 92.5 MPH) Mennad Maalik to second
|
|
Batting: RHB Scott Hansen
|
0-0: Foul Ball, location: 2F 0-1: Fielders Choice at 2nd, 4-6 (Groundball, 4, EV 90.6 MPH) Mennad Maalik to third
|
|
Pitching: RHP David Spangler
|
|
|
Batting: RHB Wilson Salgado
|
0-0: Called Strike Scott Hansen steals 2nd base 0-1: Ball Passed Ball! Mennad Maalik scores Scott Hansen to third 1-1: Swinging Strike 1-2: Ball Passed Ball! Scott Hansen scores 2-2: Fly out, F9 (Flyball, 89S, EV 75.0 MPH)
|
|
Batting: SHB Chris Morrison
|
0-0: Called Strike 0-1: Ball 1-1: Swinging Strike 1-2: SINGLE (Line Drive, 34, EV 111.2 MPH)
|
|
Batting: RHB Josh Maxwell
|
0-0: Ball 1-0: Ball Chris Morrison steals 2nd base 2-0: Swinging Strike 2-1: Foul Ball, location: 2F 2-2: Strikes out swinging
|
| Bottom of the 5th over - 2 runs, 2 hits, 0 errors, 1 left on base; Colorado 0 - Americus 6 |
| TOP OF THE 6TH |
|
Colorado Avalanche batting - Pitching for Americus Braves : LHP Jose Reyes
|
|
Batting: RHB Edwin Bejarano
|
0-0: Ball 1-0: Ball 2-0: Ball 3-0: Called Strike 3-1: Swinging Strike 3-2: Foul Ball, location: 2F 3-2: Fly out, F8 (Flyball, 78M, EV 74.4 MPH)
|
|
Batting: LHB Tyler Twiss
|
0-0: Ball 1-0: DOUBLE (Line Drive, 78D, EV 110.6 MPH)
|
|
Batting: RHB Ben Connelly
|
Balk! Tyler Twiss to third 0-0: Called Strike 0-1: Fly out, F8 (Line Drive, 8LD, EV 92.5 MPH) Runner from 3rd tags up, SCORES, no throw by CF
|
|
Batting: LHB Bob Kaufmann
|
0-0: SINGLE (Groundball, 4MD, EV 100.0 MPH)
|
|
Batting: RHB Ken Dunphy
|
0-0: Fly out, F3 (Popup, 3SF, EV 71.2 MPH)
|
| Top of the 6th over - 1 run, 2 hits, 0 errors, 1 left on base; Colorado 1 - Americus 6 |
| BOTTOM OF THE 6TH |
|
Americus Braves batting - Pitching for Colorado Avalanche : RHP David Spangler
|
|
Batting: RHB Chris Foss
|
0-0: Reached on error, E6 (Groundball, 6, EV 106.2 MPH)
|
|
Batting: RHB Jose Florez
|
0-0: Called Strike 0-1: Ball 1-1: Called Strike 1-2: Strikes out looking
|
|
Pitching: LHP Harley Traynor
|
|
|
Batting: RHB Aaron Sartini
|
0-0: Called Strike 0-1: Foul Ball, location: 2F 0-2: Ball 1-2: Foul Ball, location: 2F 1-2: Ball 2-2: Foul Ball, location: 2F 2-2: Ground out 4-3 (Groundball, 4, EV 78.8 MPH) Chris Foss to third
|
|
Batting: RHB Mennad Maalik
|
0-0: Ball 1-0: Called Strike 1-1: Ball 2-1: Swinging Strike 2-2: Foul Ball, location: 2F 2-2: Ball 3-2: Foul Ball, location: 2F 3-2: Strikes out looking
|
| Bottom of the 6th over - 0 runs, 0 hits, 1 error, 1 left on base; Colorado 1 - Americus 6 |
| TOP OF THE 7TH |
|
Colorado Avalanche batting - Pitching for Americus Braves : LHP Jose Reyes
|
|
Pitching: RHP Dave Quick
|
|
|
Batting: LHB Dan Goldberg
|
0-0: Called Strike 0-1: Called Strike 0-2: Ball 1-2: Fly out, F4 (Line Drive, 4, EV 65.0 MPH)
|
|
Batting: SHB Taylor Shelton
|
0-0: Called Strike 0-1: Foul Ball, location: 2F 0-2: Ball 1-2: Ball 2-2: Foul Ball, location: 2F 2-2: Foul Ball, location: 2F 2-2: Foul Ball, location: 2F 2-2: Fly out, F9 (Line Drive, 9, EV 98.8 MPH)
|
|
Batting: RHB Joe Shade
|
0-0: Called Strike 0-1: Foul Ball, location: 2F 0-2: Ball 1-2: Ball 2-2: Ball 3-2: Fly out, F8 (Flyball, 89M, EV 92.5 MPH)
|
| Top of the 7th over - 0 runs, 0 hits, 0 errors, 0 left on base; Colorado 1 - Americus 6 |
| BOTTOM OF THE 7TH |
|
Americus Braves batting - Pitching for Colorado Avalanche : LHP Harley Traynor
|
|
Batting: SHB Vladimir Guerrero III
|
0-0: Ball 1-0: Ball 2-0: Ball 3-0: Called Strike 3-1: Ground out 5-3 (Groundball, 5S, EV 63.8 MPH)
|
|
Pitching: RHP Cedomil Nedic
|
|
|
Batting: RHB Scott Hansen
|
0-0: Foul Ball, location: 2F 0-1: Fly out, F8 (Line Drive, 8RM, EV 93.1 MPH)
|
|
Batting: RHB Wilson Salgado
|
0-0: Ball 1-0: Ball 2-0: Ground out 5-3 (Groundball, 5S, EV 67.5 MPH)
|
| Bottom of the 7th over - 0 runs, 0 hits, 0 errors, 0 left on base; Colorado 1 - Americus 6 |
| TOP OF THE 8TH |
|
Colorado Avalanche batting - Pitching for Americus Braves : RHP Dave Quick
|
|
Batting: RHB Brent Montagano
|
0-0: Called Strike 0-1: Swinging Strike 0-2: Foul Ball, location: 2F 0-2: Ball 1-2: Foul Ball, location: 2F 1-2: Ball 2-2: Fly out, F7 (Flyball, 78M, EV 77.5 MPH)
|
|
Batting: RHB Edwin Bejarano
|
0-0: Ball 1-0: Foul Ball, location: 2F 1-1: Foul Ball, location: 2F 1-2: Foul Ball, location: 2F 1-2: Ball 2-2: Foul Ball, location: 2F 2-2: Ball 3-2: Ground out 5-3 (Groundball, 56S, EV 65.6 MPH)
|
|
Batting: LHB Tyler Twiss
|
0-0: Foul Ball, location: 2F 0-1: Foul Ball, location: 2F 0-2: Foul Ball, location: 2F 0-2: Foul Ball, location: 2F 0-2: Foul Ball, location: 2F 0-2: Ground out 1-3 (Groundball, 15S, EV 71.2 MPH)
|
| Top of the 8th over - 0 runs, 0 hits, 0 errors, 0 left on base; Colorado 1 - Americus 6 |
| BOTTOM OF THE 8TH |
|
Americus Braves batting - Pitching for Colorado Avalanche : RHP Cedomil Nedic
|
|
Batting: SHB Chris Morrison
|
0-0: Swinging Strike 0-1: Ball 1-1: Fly out, F7 (Flyball, 7, EV 93.1 MPH)
|
|
Batting: RHB Josh Maxwell
|
0-0: Ball 1-0: Foul Ball, location: 2F 1-1: Ball 2-1: SOLO HOME RUN (Flyball, 7D, EV 98.1 MPH), Distance : 380 ft
|
|
Batting: RHB Chris Foss
|
0-0: Fly out, F7 (Flyball, 7, EV 95.6 MPH)
|
|
Batting: RHB Jose Florez
|
0-0: Ground out 4-3 (Groundball, 4, EV 83.8 MPH)
|
| Bottom of the 8th over - 1 run, 1 hit, 0 errors, 0 left on base; Colorado 1 - Americus 7 |
| TOP OF THE 9TH |
|
Colorado Avalanche batting - Pitching for Americus Braves : RHP Dave Quick
|
|
Batting: RHB Ben Connelly
|
0-0: Called Strike 0-1: Ball 1-1: Fly out, F8 (Flyball, 8LD, EV 95.6 MPH)
|
|
Pinch Hitting: LHB Rich Rauda
|
0-0: Ball 1-0: Ground out 6-3 (Groundball, 6M, EV 81.2 MPH)
|
|
Pinch Hitting: RHB Marco Avina
|
0-0: Ball 1-0: Ball 2-0: Called Strike 2-1: Ball 3-1: Called Strike 3-2: SINGLE (Flyball, 56D, EV 93.1 MPH)
|
|
Pinch Hitting: RHB Mike Chiquete
|
0-0: Foul Ball, location: 2F 0-1: Ball 1-1: Ball 2-1: Ground out 4-3 (Groundball, 4, EV 81.2 MPH)
|
| Top of the 9th over - 0 runs, 1 hit, 0 errors, 1 left on base; Colorado 1 - Americus 7 |
|